 Dungeon Sprint DCSS version 0.28-a0-71-g84acfa7270 (webtiles) character file.

Game seed: 12989172577608746808

5427 Zeldest the Cleaver (level 10, -4/94 HPs)
             Began as a Demigod Fighter on Aug 2, 2021.
             Slain by Opaxuon the pandemonium lord (34 damage)
             ... in the Dungeon (Sprint V: "Ziggurat Sprint").
             The game lasted 00:02:59 (589 turns).

Zeldest the Cleaver (Demigod Fighter)                Turns: 589, Time: 00:03:00

Health: -4/94      AC: 22    Str: 41    XL:     10   Next: 18%
Magic:  13/13      EV:  1    Int: 10    God:
Gold:   0          SH: 37    Dex: 13    Spells: 9/9 levels left

rFire   + . .      SeeInvis +   G - +14 obsidian axe {vorpal, Drain Fly SInv}
rCold   + . .      Faith    .   H - +18 shield of the Gong {rElec rN+ Will+ EV-5}
rNeg    + . .      Spirit   .   I - +5 gold dragon scales
rPois   +          Reflect  +   (no helmet)
rElec   +          Harm     .   (no cloak)
rCorr   .          Rampage  .   (no gloves)
Will    ++...      NoTele   +   (no boots)
Stlth   ..........              K - amulet of reflection
HPRegen 0.25/turn               A - +6 ring of strength
MPRegen 0.13/turn               B - +6 ring of strength

@: flying, mesmerised
A: high mp 1, forlorn
a: no special abilities


You were in the Dungeon.
You visited 1 branch

Inventory:

Hand Weapons
 a - a +0 war axe
 l - a +5 executioner's axe
 G - the +14 obsidian axe (weapon) {vorpal, Drain Fly SInv}
   (You found it in the Dungeon)

   It inflicts extra damage upon your enemies.
   It occasionally summons demons to assist the wielder when it strikes in
   combat.
   Its wielder is mesmerised by any visible foes.
   It cannot be unequipped while any foes are visible.
   SInv:      It lets you see invisible.
   Fly:       It grants you flight.
   Drain:     It drains your maximum health when unequipped.
Armour
 b - a +0 scale mail
 c - a +0 kite shield
 k - a +3 tower shield
 H - the +18 shield of the Gong (worn) {rElec rN+ Will+ EV-5}
   (You found it in the Dungeon)

   It is deafeningly noisy when blocking attacks.
   EV:        It affects your evasion (-5).
   rElec:     It insulates you from electricity.
   rN:        It protects you from negative energy.
   Will:      It increases your willpower.
 I - +5 gold dragon scales (worn)
Jewellery
 v - a ring of flight
 w - a +6 ring of dexterity
 x - a +6 ring of dexterity
 y - a +6 ring of intelligence
 z - a +6 ring of intelligence
 A - a +6 ring of strength (left hand)
 B - a +6 ring of strength (right hand)
 J - a +4 ring of protection
 K - an amulet of reflection (around neck)
 L - the ring of Fallacy {rPois rCorr MP+9}
   (You found it in the Dungeon)

   [ring of magical power]

   rPois:     It protects you from poison.
   MP:        It affects your magic capacity (+9).
   rCorr:     It protects you from acid and corrosion.
 M - a ring of positive energy
 N - a ring of fire
 O - a +4 ring of evasion
 P - an amulet of regeneration
Wands
 C - a wand of mindburst (7)
 D - a wand of iceblast (7)
 E - a wand of acid (7)
Scrolls
 j - 3 scrolls of blinking
 m - 4 scrolls of amnesia
 n - 7 scrolls of fog
 o - a scroll of holy word
 p - 5 scrolls of identify
 q - 2 scrolls of fear
Potions
 d - 6 potions of might
 e - 10 potions of curing
 f - 10 potions of heal wounds
 g - 6 potions of haste
 h - 7 potions of magic
 i - 3 potions of berserk rage
 r - 2 potions of brilliance
 s - 2 potions of invisibility
 t - 4 potions of resistance
 u - a potion of experience
Miscellaneous
 F - a lightning rod (4/4)


   Skills:
 + Level 10.7 Fighting
 * Level 14.1 Axes
 + Level 10.7 Armour
 + Level 10.7 Shields


You had 9 spell levels left.
You didn't know any spells.
Your spell library contained the following spells:

 Spells                   Type           Power      Damage    Failure   Level
 Dazzling Flash           Conj/Hex       0%         N/A       100%        3
 Inner Flame              Hex/Fire       0%         N/A       100%        3
 Spider Form              Tmut/Pois      0%         N/A       100%        3
 Cause Fear               Hex            0%         N/A       100%        4
 Fulminant Prism          Conj/Hex       0%         3d6       100%        4
 Iskenderun's Mystic Bla  Conj/Tloc      0%         2d3       100%        4
 Summon Ice Beast         Ice/Summ       0%         N/A       100%        4
 Bolt of Magma            Conj/Fire/Erth 0%         4d4       100%        5
 Lee's Rapid Deconstruct  Erth           0%         3d5*      100%        5
 Summon Mana Viper        Hex/Summ       0%         N/A       100%        5
 Dispersal                Tloc           0%         N/A       100%        6
 Starburst                Conj/Fire      0%         8x6d3     100%        6
 Monstrous Menagerie      Summ           0%         N/A       100%        7
 Discord                  Hex            0%         N/A       100%        8
 Disjunction              Tloc           0%         N/A       100%        8
 Necromutation            Tmut/Necr      0%         N/A       100%        8


Dungeon Overview and Level Annotations

Branches:
Dungeon (1/1)

Annotations:
D 1 transporter


Innate Abilities, Weirdness & Mutations

Your attributes grow dramatically as you level up.
You have an increased reservoir of magic. (+10% MP)
You shall have no god before yourself.


Message History

GONNNNG!
You block the ufetubus's attack.
PANG!
Seidol sneers, "I will feast on thy gizzard!"
Your sun demon hits the ufetubus!!
The ufetubus dies!
Your Axes skill increases to level 14!
You swap places.
Visions of slaying the white imp flood into your mind.
You block Opaxuon's attack.
GONNNNG!
You block the hellwing's attack.
GONNNNG!
The hellwing hits you but does no damage.
Seidol blinks!
You block the white imp's attack.
BOUMMMMG!
You barely miss Opaxuon. You hit the hellwing.
You hit the white imp but do no damage.
Visions of slaying the hellwing flood into your mind.
Opaxuon hits you.
Your ice devil misses Opaxuon.
Opaxuon sneers, "Give up, thou horrid toenail-biting hedge-pig!"
You block Opaxuon's attack.
SHROANNG!
You block the hellwing's attack.
GONNNNG!
The hellwing hits you but does no damage.
Your sun demon completely misses Opaxuon.
Seidol gestures at you.
The bolt of energy hits the white imp!!
The white imp is blown up!
The bolt of energy hits you!!!
You miss Opaxuon. You barely miss the hellwing. You block Opaxuon's attack.
BONNNG!
Your ice devil completely misses Opaxuon.
Your sun demon misses Opaxuon.
You block the hellwing's attack.
PTOANNNG!
You block the hellwing's attack.
BOUMMMMG!
The iron imp hits your ice devil. Opaxuon hits you!!
You die...

▓....©....▓...©...▓
▓▓▓▓▓▓▓▓▓▓▓▓▓▓▓▓▓▓▓
▓...8©8...▓..8©8..▓
▓..:[)|=..▓.......▓
▓...):|.&.▓..|[}.†▓
▓.....§...▓.......▓
▓.........▓.......▓
▓..54&5...▓.......▓
▓...4@3...▓.††....▓
▓.▓.....▓.▓.▓.†.▓.▓
▓....©....▓...©...▓
▓▓▓▓▓▓▓▓▓▓▓▓▓▓▓▓▓▓▓


You could see Opaxuon (ally target), Seidol, a hellwing (mesmerising), an iron
imp (ally target), a white imp, a friendly sun demon (summoned) and a friendly
ice devil (summoned).

Vanquished Creatures
  2 hell hogs (D)
  A wolf spider (D)
  An efreet (D)
  3 polar bears (D)
  A redback (D)
  5 tarantellas (D)
  2 hell hounds (D)
  A necrophage (D)
  6 scorpions (D)
  A quasit (D)
  A shadow imp (D)
  2 white imps (D)
  An adder zombie (D)
  A bat zombie (D)
28 creatures vanquished.

Vanquished Creatures (collateral kills)
  A sixfirhy (D)
  An ice devil (D)
  A freezing wraith (D)
  A jumping spider (D)
  A necrophage (D)
  A scorpion (D)
  A shadow imp (D)
  A white imp (D)
  An ufetubus (D)
  A bat skeleton (D)
10 creatures vanquished.

Vanquished Creatures (others)
  A hell hog (D)
  A white imp (D)
2 creatures vanquished.

Grand Total: 40 creatures vanquished

Notes
Turn   | Place    | Note
-------+----------+-------------------------------------------
     0 | D        | Zeldest the Demigod Fighter began the quest for the Orb.
     0 | D        | Reached XP level 1. HP: 18/18 MP: 3/3
     1 | D        | Found the +6 Majin-Bo {vamp, MP+6 Int+6}
     1 | D        | Found the +9 heavy crossbow "Sniper" {vorpal, Acc+∞ SInv}
     1 | D        | Found the +10 dark maul {vorpal}
     1 | D        | Found the +15 Maxwell's patent armour {-Cast -Tele rElec
                  | Will+ rCorr}
     1 | D        | Found the +18 shield of the Gong {rElec rN+ Will+ EV-5}
     1 | D        | Found the +14 obsidian axe {vorpal, Drain Fly SInv}
     1 | D        | Found the +7 great mace "Firestarter" {inner flame, rF++}
     1 | D        | Found the +6 shillelagh "Devastator" {shatter}
     1 | D        | Found the +11 plutonium sword {Contam Stlth-}
     1 | D        | Found the +8 lance "Wyrmbane" {slay drac, rPois rF+ rC+
                  | AC+3}
     1 | D        | Found the +9 sword of Zonguldrok {reap}
     1 | D        | Found the +13 scythe of Curses {drain, Drain}
     1 | D        | Found the +5 sword of Power {vorpal}
     1 | D        | Found the +7 mace of Variability {chain chaos}
     1 | D        | Found the +7 Singing Sword {vorpal, sonic wave}
     1 | D        | Found the +8 storm bow {elec, penet}
     3 | D        | Found a transporter.
    75 | D        | Entered arena 2.
    75 | D        | Found a transporter.
    78 | D        | Reached skill level 2 in Axes
    79 | D        | Reached skill level 3 in Axes
    79 | D        | Reached XP level 2. HP: 26/26 MP: 4/4
    88 | D        | Entered arena 3.
    88 | D        | Found a transporter.
    92 | D        | Reached skill level 4 in Axes
    92 | D        | Reached XP level 3. HP: 33/33 MP: 5/5
    98 | D        | Entered arena 4.
    98 | D        | Noticed a tarantella
    98 | D        | Noticed a scorpion
    98 | D        | Noticed a scorpion
    98 | D        | Noticed a scorpion
    98 | D        | Found a transporter.
   100 | D        | Killed a scorpion
   101 | D        | Reached skill level 5 in Axes
   101 | D        | Reached XP level 4. HP: 38/41 MP: 6/6
   103 | D        | Reached skill level 5 in Fighting
   103 | D        | Reached skill level 7 in Axes
   103 | D        | Reached skill level 5 in Armour
   103 | D        | Reached skill level 5 in Shields
   103 | D        | Reached XP level 5. HP: 41/48 MP: 7/7
   105 | D        | Killed a tarantella
   106 | D        | Reached skill level 8 in Axes
   106 | D        | Reached XP level 6. HP: 49/57 MP: 8/8
   117 | D        | Entered arena 5.
   117 | D        | Found a transporter.
   129 | D        | Entered arena 6.
   129 | D        | Noticed a tarantella
   129 | D        | Noticed a tarantella
   129 | D        | Noticed a tarantella
   129 | D        | Found a transporter.
   132 | D        | Reached skill level 9 in Axes
   133 | D        | Killed a tarantella
   134 | D        | Reached XP level 7. HP: 60/66 MP: 9/9
   134 | D        | Killed a tarantella
   135 | D        | Reached skill level 10 in Axes
   137 | D        | Killed a tarantella
   137 | D        | Noticed a sixfirhy
   143 | D        | Got the ring of Fallacy {rPois rCorr MP+9}
   149 | D        | Entered arena 7.
   149 | D        | Noticed a hell hog
   149 | D        | Noticed a hell hog
   149 | D        | Noticed a hell hog
   149 | D        | Noticed an efreet
   150 | D        | Found a transporter.
   153 | D        | Killed a hell hog
   154 | D        | Reached skill level 11 in Axes
   154 | D        | Reached XP level 8. HP: 47/75 MP: 10/10
   155 | D        | Killed an efreet
   156 | D        | Killed a hell hog
   157 | D        | Reached skill level 12 in Axes
   157 | D        | Killed a hell hog
   158 | D        | Reached XP level 9. HP: 23/85 MP: 11/11
   413 | D        | Entered arena 8.
   413 | D        | Noticed a wolf spider
   415 | D        | Found a transporter.
   421 | D        | Reached skill level 13 in Axes
   421 | D        | Killed a wolf spider
   422 | D        | Reached skill level 10 in Fighting
   422 | D        | Reached skill level 10 in Armour
   422 | D        | Reached skill level 10 in Shields
   563 | D        | Entered arena 9.
   563 | D        | Noticed an ice devil
   563 | D        | Noticed a freezing wraith
   564 | D        | Found a transporter.
   567 | D        | Killed a freezing wraith
   568 | D        | Killed an ice devil
   572 | D        | Reached XP level 10. HP: 87/94 MP: 13/13
   578 | D        | Got Sif Muna's Collected Works on Heat and Transmutation
   583 | D        | Entered arena 10.
   583 | D        | Noticed Seidol the pandemonium lord
   583 | D        | Noticed Opaxuon the pandemonium lord
   583 | D        | Noticed a sixfirhy
   584 | D        | Found a transporter.
   586 | D        | Killed a sixfirhy
   587 | D        | Reached skill level 14 in Axes
   589 | D        | Slain by Opaxuon the pandemonium lord

Illustrated notes

Levels and vault maps discovered:
D:        sprint_v [room_start, room_1, room_2, room_3, room_4, room_5, room_6,
          room_7, room_8, room_9, room_10, room_11, room_12, room_13, room_14,
          room_15, room_16, room_17, room_18, room_19, room_20, room_21,
          room_22, room_23, room_24, room_25, room_26, room_27]

Skill      XL: |  1  2  3  4  5  6  7  8  9 10 |
---------------+-------------------------------+-----
Fighting       | 3 4 5 6 7 8 9 10 | 10.7
Axes           | 3 4 5 7 8 9 11 12 13 14 | 14.1
Armour         | 3 4 5 6 7 8 9 10 | 10.7
Shields        | 3 4 5 6 7 8 9 10 | 10.7

Action                   |  1- 3 |  4- 6 |  7- 9 | 10-12 || total
-------------------------+-------+-------+-------+-------++-------
Melee: Broad axe         |     5 |    10 |    27 |     6 ||    48
  Use: Scroll            |       |       |     1 |       ||     1
 Stab: Distracted        |       |       |     2 |       ||     2
Armor: Gold dragon scale |     8 |     6 |    18 |     2 ||    34
Dodge: Dodged            |       |     1 |     1 |       ||     2
Block: Kite shield       |    13 |    19 |    64 |    13 ||   109
       Reflection        |       |       |     1 |       ||     1

Table legend: (Time is in decaauts)
 A = Elapsed time spent in this place.
 B = Non-inter-level travel time spent in this place.
 C = Inter-level travel time spent in this place.
 D = Time resting spent in this place.
 E = Time spent auto-exploring this place.
 F = Levels seen in this place.
 G = Mean time per level.
                   A        B        C        D        E       F      G
               +--------+--------+--------+--------+--------+-----+--------+
         Total |    598 |    598 |      0 |    373 |      0 |   1 |  598.0 |
       Dungeon |    598 |    598 |      0 |    373 |      0 |   1 |  598.0 |
               +--------+--------+--------+--------+--------+-----+--------+

Top non-repeatable levels by time:
       D: 598 daAuts
